 Dungeon Sprint DCSS version 0.29-a0-88-g03a7b78be7 (webtiles) character file.

Game seed: 12940645729205789990

14 Hubjo the Sneak (level 2, -4/17 (21) HPs)
             Began as a Vampire Enchanter on Feb 5, 2022.
             Slain by a necrophage (6 damage)
             ... in the Dungeon (Sprint IX: "|||||||||||||||||||||||||||||").
             The game lasted 00:00:25 (25 turns).

Hubjo the Sneak (Vampire Enchanter)                   Turns: 25, Time: 00:00:25

HP:   -4/17 (21)    AC:  2    Str:  7    XL:     2   Next: 31%
MP:   5/5           EV: 12    Int: 17    God:
Gold: 0             SH:  0    Dex: 14    Spells: 5/5 levels left

rFire   . . .      SeeInvis +   a - +1 dagger
rCold   . . .      Faith    .   (no shield)
rNeg    . . .      Spirit   .   b - +0 robe
rPois   .          Reflect  .   (no helmet)
rElec   .          Harm     .   (no cloak)
rCorr   .          Rampage  .   (no gloves)
Will    .....      NoTele   +   (no boots)
Stlth   +++.......              (no amulet)
HPRegen 0.25/turn               (no ring)
MPRegen 0.09/turn               (no ring)

@: healing quickly, heavily drained
A: alive, fangs 3, see invisible, vampiric 1
a: Exsanguinate


You were in the Dungeon.
You visited 1 branch

Inventory:

Hand Weapons
 a - a +1 dagger (weapon)
Armour
 b - a +0 robe (worn)
Scrolls
 i - a scroll of blinking
Potions
 c - a potion of invisibility
 d - a potion of curing
 e - a potion of heal wounds
 f - a potion of haste
 g - 2 potions of magic
 h - a potion of berserk rage


   Skills:
 * Level 1.3 Fighting
 + Level 1.4 Short Blades
 + Level 2.4 Dodging
 * Level 7.0 Stealth
 - Level 2.0 Spellcasting
 + Level 5.5 Hexes


You had 5 spell levels left.
You didn't know any spells.
Your spell library contained the following spells:

 Spells                   Type           Power      Damage    Failure   Level
 Confusing Touch          Hex            20%        N/A       6%          3
 Tukima's Dance           Hex            20%        N/A       6%          3
 Ensorcelled Hibernation  Hex/Ice        22%        N/A       10%         2
 Dazzling Flash           Conj/Hex       22%        N/A       19%         3


Dungeon Overview and Level Annotations

Branches:
Dungeon (1/1)

Altars:


Innate Abilities, Weirdness & Mutations

Your natural rate of healing is accelerated.
You have razor-sharp teeth.
You have supernaturally acute eyesight. (SInv)
You are afflicted with vampirism.


Message History

You see here a +0 short sword.
The helpless kobold fails to defend itself.
You impale the kobold!!
You kill the kobold!
Things that are here:
a +0 short sword; a kobold corpse You open the door.
An adder, a necrophage, a scorpion, an iguana and a howler monkey come into view.
There is an open door here.
The helpless adder fails to defend itself.
You impale the adder!!
You kill the adder!
Your Fighting skill increases to level 1!
Your Stealth skill gained 2 levels and is now at level 7!
You have reached level 2!
The iguana hisses angrily.
The necrophage barely misses you.
You see here an adder corpse.
You barely miss the necrophage. The necrophage hits you.
You feel drained.
You hit the necrophage.
The necrophage is lightly damaged.
The necrophage hits you.
You feel drained.
The iguana hisses menacingly.
You hit the necrophage but do no damage.
Your bite misses the necrophage.
The necrophage is lightly damaged.
The necrophage hits you!
You feel drained.
You barely miss the necrophage.
The necrophage is lightly damaged.
The howler monkey hoots and howls with incredible vigour!
The necrophage closely misses you.
You hit the necrophage but do no damage.
The necrophage is lightly damaged.
The howler monkey hoots and howls with incredible vigour!
The necrophage hits you!
* * * LOW HITPOINT WARNING * * *
You barely miss the necrophage.
The necrophage is lightly damaged.
The necrophage hits you.
You die...

▓.▓
▓'▓
▓†▓
▓†▓
▓)▓
▓.▓
▓)▓
▓'▓
▓@▓
▓n▓
▓s▓
▓l▓
▓h▓
▓+▓


You could see a necrophage, a scorpion, a howler monkey and an iguana.

Vanquished Creatures
  An adder (D)
  2 bats (D)
  2 kobolds (D)
  A rat (D)
6 creatures vanquished.

Notes
Turn   | Place    | Note
-------+----------+-------------------------------------------
     0 | D        | Hubjo the Vampire Enchanter began the quest for the Orb.
     0 | D        | Reached XP level 1. HP: 13/13 MP: 3/3
     8 | D        | Reached skill level 5 in Stealth
    10 | D        | Reached skill level 5 in Hexes
    16 | D        | Noticed a necrophage
    16 | D        | Noticed a scorpion
    16 | D        | Noticed an iguana
    16 | D        | Noticed a howler monkey
    19 | D        | Reached skill level 1 in Fighting
    19 | D        | Reached skill level 7 in Stealth
    19 | D        | Reached XP level 2. HP: 21/21 MP: 5/5
    25 | D        | Slain by a necrophage

Illustrated notes

Levels and vault maps discovered:
D:        linesprint [early_d, line_temple, items_1, d_10, items_2, lair_1,
          lair_end, items_3, orc_1, orc_end, items_4, d_15, swamp_1, shoals_1,
          snake_1, spider_1, d_20, vaults_1, items_5, swamp_end, shoals_end,
          snake_end, spider_end, vaults_end, d_27, items_6, zot_1, zot_end,
          crypt_end, forest_end, elf_end, slime_end, tomb_end, abyss_end,
          pan_hell_end]

Skill      XL: |  1 |
---------------+----+-----
Stealth        | 7 |  7.0
Hexes          | 5 |  5.5
Fighting       | 1 |  1.3
Short Blades   | |  1.4
Dodging        | |  2.4
Spellcasting   | |  2.0

Action                   || total
-------------------------++-------
Melee: Dagger            ||    13
 Stab: Sleeping          ||     5
Dodge: Dodged            ||     3

Table legend: (Time is in decaauts)
 A = Elapsed time spent in this place.
 B = Non-inter-level travel time spent in this place.
 C = Inter-level travel time spent in this place.
 D = Time resting spent in this place.
 E = Time spent auto-exploring this place.
 F = Levels seen in this place.
 G = Mean time per level.
                   A        B        C        D        E       F      G
               +--------+--------+--------+--------+--------+-----+--------+
         Total |     24 |     24 |      0 |      0 |      3 |   1 |   24.0 |
       Dungeon |     24 |     24 |      0 |      0 |      3 |   1 |   24.0 |
               +--------+--------+--------+--------+--------+-----+--------+

Top non-repeatable levels by time:
       D: 24 daAuts
